 Dungeon Crawl Stone Soup version 0.27.1-33-g824d729ab1 (webtiles) character file.

Game seed: 9669036621018059206

240 comborobin the Skirmisher (level 6, -8/48 HPs)
             Began as a Djinni Fighter on Dec 28, 2021.
             Splashed by a kobold's acid (11 damage)
             ... on level 4 of the Dungeon.
             The game lasted 00:04:27 (4635 turns).

comborobin the Skirmisher (Djinni Fighter)          Turns: 4635, Time: 00:04:29

Health: -8/48      AC:  6    Str: 17    XL:     6   Next: 30%
Gold:   84         EV:  9    Int:  9    God:
                   SH:  5    Dex: 13

rFire    + + .     SeeInvis .   a - +2 great sword (freeze)
rCold    x . .     Faith    .   (shield currently unavailable)
rNeg     . . .     Spirit   .   j - +0 scale mail
rPois    ∞         Reflect  +   (no helmet)
rElec    .         Harm     .   (no cloak)
rCorr    .         Rampage  .   k - +2 pair of gloves
Will     .....                  (boots unavailable)
Stlth    ..........             g - amulet of reflection
HPRegen  0.16/turn              (no ring)
MPRegen  0.00/turn              (no ring)

@: mighty, corroded, flying
A: sickness immunity, fire resistance 2, cold vulnerability 1, float, innate
caster, hp casting, extra vitality 1
a: no special abilities


You were on level 4 of the Dungeon.
You visited 1 branch of the dungeon, and saw 4 of its levels.

You collected 84 gold pieces.

Inventory:

Hand Weapons
 a - a +2 great sword of freezing (weapon)
Armour
 b - a +0 kite shield
 j - a +0 scale mail (worn)
 k - a +2 pair of gloves (worn)
Jewellery
 g - an amulet of reflection (around neck)
 n - a ring of fire
Scrolls
 d - 2 scrolls of identify
 e - 3 scrolls of teleportation
Potions
 f - a potion of invisibility {unknown}
 h - 2 potions of curing {unknown}


   Skills:
 + Level 4.6 Fighting
 * Level 3.5 Long Blades
 + Level 3.5 Armour
 + Level 0.5 Dodging
 - Level 3.0 Shields
 - Level 2.0 Unarmed Combat


You had 2 spell levels left.
You knew the following spells:

 Your Spells              Type           Power      Damage    Failure   Level
a - Beastly Appendage     Tmut           0%         N/A       78%         1
b - Slow                  Hex            0%         N/A       89%         2
Your spell library was empty.

Dungeon Overview and Level Annotations

Branches:
Dungeon (4/15)
 Temple: D:4-7

Altars:


Innate Abilities, Weirdness & Mutations

You are immune to sickness and miasma.
You are immune to poison.
Your flesh is very heat resistant. (rF++)
You are vulnerable to cold. (rC-)
You float through the air rather than walking.
You learn spells naturally, not from books.
Your magical power is your life essence.
You have superior vitality. (+4 HP)


Message History

You slash the bullfrog!
The bullfrog seems to slow down.
You freeze the bullfrog.
You kill the bullfrog!
Your Long Blades skill increases to level 3!
You have reached level 6!
Your experience leads to an increase in your attributes!
Increase (S)trength, (I)ntelligence, or (D)exterity?
You feel stronger.
You reach down and open the door.
There is an open door here.
A ball python comes into view.
A hobgoblin comes into view.
The hobgoblin shouts!
There are monsters nearby!
A kobold comes into view.
It is wielding a +0 scimitar, quivering poisoned darts and carrying a wand of acid (4).
The kobold shouts!
A quokka comes into view.
There are monsters nearby!
You hit the ball python.
The ball python seems to slow down.
You freeze the ball python.
You kill the ball python!
The hobgoblin hits you but does no damage.
The kobold throws a poisoned dart.
The poisoned dart hits you!
There are monsters nearby!
You barely miss the hobgoblin.
The hobgoblin hits you but does no damage.
You slash the hobgoblin! You freeze the hobgoblin.
You kill the hobgoblin!
The kobold throws a poisoned dart.
The poisoned dart hits you!
The kobold zaps a wand.
The bolt of acid hits you!
You are splashed with acid!
You aren't carrying any items that you can evoke.
Unknown command.
Unknown command.
You feel very mighty all of a sudden.
The quokka bites you but does no damage.
You closely miss the quokka. The quokka closely misses you.
You riposte.
You miss the quokka.
The kobold zaps a wand.
The bolt of acid hits you!!
* * * LOW HITPOINT WARNING * * *
The acid corrodes you!
You are splashed with acid!
You die...

#......#### ....
#.....>.... ....
#.....####' .....
#.....#.... .....
#.....#.... ......
#.....#....
......####+#########....
...............# #....
......r@.......# ####.
......K........# #.
......####'##### ####.
...... #.# #.... .....
#.# #.### ..... #.# #.#
.... #.# #.# ....
#.#########.#
###.#.........#


You could see a quokka and a kobold.

Vanquished Creatures
  A bullfrog (D:4)
  A bullfrog skeleton (D:4)
  An iguana (D:4)
  4 gnolls (D:3)
  An adder (D:2)
  A white imp (D:4)
  3 worms (D:3)
  3 dart slugs
  An orc (D:3)
  2 ball pythons
  6 bats
  An endoplasm (D:2)
  A giant cockroach (D:4)
  5 goblins
  5 hobgoblins
  4 kobolds
  7 quokkas
  5 rats
52 creatures vanquished.

Vanquished Creatures (others)
  8 plants (D:3)
8 creatures vanquished.

Grand Total: 60 creatures vanquished

Notes
Turn   | Place    | Note
-------+----------+-------------------------------------------
     0 | D:1      | comborobin the Djinni Fighter began the quest for the Orb.
     0 | D:1      | Reached XP level 1. HP: 20/20 MP: 0/0
   167 | D:1      | Reached XP level 2. HP: 19/25 MP: 0/0
  1639 | D:2      | Reached skill level 4 in Fighting
  1639 | D:2      | Reached XP level 3. HP: 31/31 MP: 0/0
  1639 | D:2      | Learned a level 1 spell: Beastly Appendage
  2789 | D:3      | Found a faded altar of an unknown god.
  2794 | D:3      | Reached XP level 4. HP: 37/38 MP: 0/0
  2873 | D:3      | Reached skill level 1 in Long Blades
  3327 | D:3      | Noticed a phantom
  3998 | D:3      | Reached XP level 5. HP: 39/42 MP: 0/0
  3998 | D:3      | Learned a level 2 spell: Slow
  4577 | D:4      | Noticed a bullfrog
  4580 | D:4      | Killed a bullfrog
  4581 | D:4      | Reached XP level 6. HP: 48/48 MP: 0/0
  4635 | D:4      | Splashed by a kobold's acid

Illustrated notes

Levels and vault maps discovered:
D:1:      eino_arrival_cavern_d, layout_basic
D:2:      layout_basic
D:3:      minmay_skewed_foursquare, layout_loops_cross,
          shapermc_ecumenical_altar_mp_ritualfount, minmay_pentomino_pile
D:4:      layout_basic, tso_altar

Skill      XL: |  1  2  3  4  5 |
---------------+----------------+-----
Fighting       | 4 |  4.6
Long Blades    | 1 3 |  3.5
Armour         | |  3.5
Dodging        | |  0.5
Shields        | |  3.0
Unarmed Combat | |  2.0

Action                   |  1- 3 |  4- 6 || total
-------------------------+-------+-------++-------
Melee: Unarmed           |    95 |       ||    95
       Great sword       |    17 |    69 ||    86
  Use: Scroll            |       |     5 ||     5
       Potion            |       |     1 ||     1
Armor: Scale mail        |    46 |    56 ||   102
Dodge: Dodged            |    36 |    50 ||    86
Block: Kite shield       |    48 |       ||    48
       Other             |     4 |    28 ||    32
       Rpst.: Great sword |     1 |    10 ||    11
